 Dungeon Crawl Stone Soup version 0.23.2-1-ga50397a6bc (webtiles) character file.

Game seed: 8509315621942870448

120 Revguard the Ruffian (level 5, -2/42 HPs)
             Began as a Ghoul Gladiator on Apr 25, 2019.
             Was an Initiate of Ru.
             Slain by Sigmund
             ... wielding a +0 scythe
              (13 damage)
             ... on level 3 of the Dungeon.
             The game lasted 00:08:04 (2075 turns).

Revguard the Ruffian (Ghoul Gladiator)              Turns: 2075, Time: 00:08:04

Health: -2/42      AC:  5    Str: 18      XL:     5   Next: 4%
Magic:  4/4        EV: 12    Int:  3      God:    Ru [......]
Gold:   164        SH:  0    Dex: 10 (11) Spells: 4/4 levels left

rFire    . . .     SeeInvis .     - Unarmed
rCold    + . .     Gourm    .   (no shield)
rNeg     + + +     Faith    .   a - +0 leather armour
rPois    ∞         Spirit   .   b - +0 helmet
rElec    .         Reflect  .   p - +0 cloak
rCorr    .         Harm     .   (no gloves)
MR       .....                  (no boots)
Stlth    ++........             (no amulet)
HPRegen  0.00/turn              (no ring)
MPRegen  0.09/turn              (no ring)

@: rotting
A: rotting body, claws 1, carnivore, cold resistance 1, negative energy
resistance 3, inhibited regeneration, torment resistance, unbreathing
a: Renounce Religion


You were on level 3 of the Dungeon.
You worshipped Ru.
Ru was noncommittal.
You were not hungry.

You visited 1 branch of the dungeon, and saw 3 of its levels.

You collected 164 gold pieces.

Inventory:

Missiles
 c - 3 throwing nets (quivered)
Armour
 a - a +0 leather armour (worn)
 b - a +0 helmet (worn)
 p - a +0 cloak (worn)
Jewellery
 f - a +4 ring of dexterity {unknown}
 h - an uncursed ring of stealth
Scrolls
 e - 4 scrolls of enchant armour {unknown}
 g - a scroll of enchant weapon {unknown}
 i - a scroll of fog {unknown}
 k - a scroll of amnesia {unknown}
 l - 4 scrolls of remove curse {unknown}
 o - a scroll of identify {unknown}
 s - a scroll of immolation {unknown}
Potions
 j - a potion of mutation
 m - a potion of magic
 n - a potion of curing
 r - a potion of might
Comestibles
 d - 7 rations


   Skills:
 + Level 2.4 Fighting
 + Level 1.8 Throwing
 + Level 1.2 Armour
 + Level 3.2 Dodging
 * Level 2.4 Stealth
 + Level 4.5 Unarmed Combat


You had 4 spell levels left.
You didn't know any spells.
Your spell library was empty.

Dungeon Overview and Level Annotations

Branches:
Dungeon (3/15)

Altars:
Cheibriados
Dithmenos
Ru
Yredelemnul

Annotations:
D:3 Sigmund


Innate Abilities, Weirdness & Mutations

Your body is rotting away.
You thrive on raw meat.
You are immune to poison.
You have sharp fingernails.
You are carnivorous and can eat meat at any time.
Your flesh is cold resistant. (rC+)
You are immune to negative energy. (rN+++)
You do not regenerate when monsters are visible.
You are immune to unholy pain and torment.
You can survive without breathing.


Message History

Found a runed spear.
You completely miss something. Something hits you!
You scratch something but do no damage. You scratch something.
Something hits you!
You scratch something. You closely miss something.
Something hits you but does no damage.
You scratch something. Something hits you but does no damage.
Eat one of 2 chunks of flesh? (ye/n/q)
You eat one of the 2 chunks of flesh.
This raw flesh tastes great!
Eat a chunk of flesh? (ye/n/q)
You eat the chunk of flesh.
This raw flesh tastes great!
You hear some strange, mumbled words.
A magic dart appears from out of thin air!
The magic dart hits you.
You scratch something but do no damage. Something hits you but does no damage.
You scratch something. Something hits you!
* * * LOW HITPOINT WARNING * * *
You miss something. You barely miss something. Something hits you!
You die...

#..........###..
+..........'.'..
#..........###..
#..........# #..
#..÷÷..(...# #.. ####
#..........# #.. .....
#...)......# #..
......###..........# #..
..$...{@...........# #..
).....##...)..########..
..... #.#...........'..
...............#######..
#####.##.##.##.##.......
# #.##.##.##.......
.................
....#.##.......... ..
....##.#..[.....


There were no monsters in sight!

Vanquished Creatures
  Crazy Yiuf (D:3)
  A worker ant (D:2)
  An adder (D:3)
  An ooze (D:1)
  A worm (D:2)
  2 leopard geckos
  A ball python (D:1)
  5 giant cockroaches
  4 hobgoblins (D:3)
  9 jackals
  5 bats
  2 frilled lizards (D:1)
  7 goblins
  5 kobolds
  4 rats
49 creatures vanquished.

Vanquished Creatures (others)
  4 toadstools (D:1)
4 creatures vanquished.

Grand Total: 53 creatures vanquished

Notes
Turn   | Place    | Note
-------+----------+-------------------------------------------
     0 | D:1      | Revguard the Ghoul Gladiator began the quest for the Orb.
     0 | D:1      | Reached XP level 1. HP: 17/17 MP: 0/0
    55 | D:1      | Reached skill level 1 in Stealth
    55 | D:1      | Reached XP level 2. HP: 2/24 MP: 1/1
   181 | D:1      | Reached XP level 3. HP: 22/29 MP: 2/2
   797 | D:2      | Found a sacrificial altar of Ru.
   800 | D:2      | Found a snail-covered altar of Cheibriados.
   803 | D:2      | Found a basalt altar of Yredelemnul.
   837 | D:2      | Found a shadowy altar of Dithmenos.
   869 | D:2      | Became a worshipper of Ru the Awakened
   944 | D:2      | Reached skill level 4 in Unarmed Combat
   944 | D:2      | Reached XP level 4. HP: 37/37 MP: 3/3
  1915 | D:3      | Found a runed translucent door.
  1916 | D:3      | Noticed Crazy Yiuf
  1928 | D:3      | Killed Crazy Yiuf
  1928 | D:3      | Reached skill level 1 in Armour
  1985 | D:3      | Reached XP level 5. HP: 42/42 MP: 4/4
  2058 | D:3      | Noticed Sigmund
  2075 | D:3      | Slain by Sigmund

Skill      XL: |  1  2  3  4 |
---------------+-------------+-----
Stealth        | 1 2 |  2.4
Dodging        | 3 |  3.2
Unarmed Combat | 4 |  4.5
Armour         | 1 |  1.2
Fighting       | |  2.4
Throwing       | |  1.8

Action                   |  1- 3 |  4- 6 || total
-------------------------+-------+-------++-------
Melee: Unarmed           |    71 |    65 ||   136
       Punch             |       |     2 ||     2
  Use: Potion            |       |     5 ||     5
 Stab: Sleeping          |       |     2 ||     2
  Eat: Chunk             |    18 |    17 ||    35
Armor: Leather armour    |    31 |    28 ||    59
Dodge: Dodged            |    85 |    51 ||   136
